 Dungeon Crawl Stone Soup version 0.30-a0-390-g80c34de65d (webtiles) character file.

Game seed: 10107479629831471280

149 ytrimaz the Trooper (level 5, -5/41 HPs)
             Began as a Djinni Fighter on Dec 4, 2022.
             Killed from afar by an orc wizard (8 damage)
             ... with a magic dart
             ... on level 3 of the Dungeon.
             The game lasted 00:02:46 (1846 turns).

ytrimaz the Trooper (Djinni Fighter)                Turns: 1846, Time: 00:02:46

Health: -5/41      AC:  6    Str: 15    XL:     5   Next: 57%
Gold:   67         EV:  8    Int: 11    God:
                   SH:  6    Dex: 13

rFire   + + .      SeeInvis .    a - +1 flail (freeze)
rCold   x . .      Faith    .    c - +1 buckler
rNeg    . . .      Spirit   .    b - +0 scale mail
rPois   ∞          Reflect  .    (no helmet)
rElec   .          Harm     .    (no cloak)
rCorr   .          Rampage  .    (no gloves)
Will    .....                    (boots unavailable)
Stlth   ..........               (no amulet)
HPRegen 0.26/turn                (no ring)
MPRegen 0.00/turn                (no ring)

@: mighty, flying
A: sickness immunity, fire resistance 2, cold vulnerability 1, float, innate
caster, HP casting, extra vitality 1
a: no special abilities


You were on level 3 of the Dungeon.
You visited 1 branch of the dungeon, and saw 3 of its levels.

You collected 67 gold pieces.


Innate Abilities, Weirdness & Mutations

You are immune to sickness and miasma.
You are immune to poison.
Your flesh is very heat resistant. (rF++)
You are vulnerable to cold. (rC-)
You float through the air rather than walking.
You learn spells naturally, not from books.
Your magical power is your life essence.
You have superior vitality. (+4 MHP)


   Skills:
 + Level 4.2 Fighting
 + Level 2.9 Maces & Flails
 - Level 3.0 Armour
 - Level 4.0 Shields


You had one spell level left.
You knew the following spells:

 Your Spells              Type           Power      Damage    Failure   Level
a - Freeze                Ice            0%         1d3       87%         1
b - Static Discharge      Conj/Air       0%         2-2/arc   95%         2
Your spell library was empty.

Inventory:

Hand Weapons
 a - a +1 flail of freezing (weapon)
Armour
 b - a +0 scale mail (worn)
 c - a +1 buckler (worn)
 e - a +0 plate armour
   (You found it on level 1 of the Dungeon)
Scrolls
 k - a scroll of enchant armour
 o - a scroll of fog {unknown}
Potions
 d - a potion of might
 g - a potion of attraction
 h - 2 potions of resistance
 i - a potion of haste
 l - a potion of cancellation {unknown}
 m - a potion of mutation {unknown}

Dungeon Overview and Level Annotations

Branches:
Dungeon (3/15) Zot: 16086

Altars:

#.#.....########
#.#.###......... ..
#.........
#.###..#######
#......#######
##.###.......# .# ..
#.......####..#
###.###.#####........
#....)#####@.....#
###{#...oo{......#
#o############## #


You could see 2 orcs.


Message History

You hit the orc. You freeze the orc.
You kill the orc! 😨 HP[+1] Unknown command.
You barely miss something. Something hits you but does no damage.
The orc completely misses you. Something hits you but does no damage.
Unknown command.
You closely miss something.
The orc hits you from afar with a +0 trident.
* * * LOW HITPOINT WARNING * * *
Something hits you.
* * * LOW HITPOINT WARNING * * *
The orc hits you but does no damage.
You hear some strange, mumbled words.
You are confused.
You bump into the rock wall.
Something hits you.
* * * LOW HITPOINT WARNING * * *
The orc hits you but does no damage. 😨 HP[-5]
You take 5 damage, and now have 13/41 hp.
Something hits you.
* * * LOW HITPOINT WARNING * * *
😨 HP[-1]
You take 1 damage, and now have 12/41 hp.
Unknown command.
You feel better. Something hits you.
* * * LOW HITPOINT WARNING * * *
The orc barely misses you. 😨 HP[+7]
You regained 7 hp, and now have 19/41 hp.
Unknown command.
You feel very mighty all of a sudden. Something hits you.
* * * LOW HITPOINT WARNING * * *
You hear some strange, mumbled words.
Something tries to affect you, but you resist.
The orc completely misses you. 😨 HP[-1]
You take 1 damage, and now have 18/41 hp.
Unknown command.
Okay, then.
You miss something. Something hits you.
* * * LOW HITPOINT WARNING * * *
The orc closely misses you. 😨 HP[-2]
You take 2 damage, and now have 16/41 hp.
Unknown command.
You barely miss something. Something hits you but does no damage.
The orc hits you but does no damage. Something hits you but does no damage.
You sock something! You freeze something. Something hits you.
* * * LOW HITPOINT WARNING * * *
The orc hits you but does no damage. Something hits you but does no damage.
You block the orc's attack. 😨 HP[-1]
You take 1 damage, and now have 15/41 hp.
Unknown command.
You hit something. You freeze something.
An orc wizard appears from thin air!
Reactivating autopickup.
The orc wizard barely misses you.
The orc wizard hits you but does no damage.
The orc hits you from afar with a +0 trident.
* * * LOW HITPOINT WARNING * * *
😱 HP[-5]
You take 5 damage, and now have 10/41 hp.
You barely miss the orc wizard.
The orc wizard casts a spell.
The orc wizard flickers and vanishes!
Deactivating autopickup; reactivate with Ctrl-A.
The orc closely misses you. Something hits you.
* * * LOW HITPOINT WARNING * * *
😱 HP[-1]
You take 1 damage, and now have 9/41 hp.
Unknown command.
You miss something.
The orc hits you from afar with a +0 trident.
* * * LOW HITPOINT WARNING * * *
Something hits you but does no damage. Something hits you.
* * * LOW HITPOINT WARNING * * *
You block the orc's attack. 😱 HP[-2]
You take 2 damage, and now have 7/41 hp.
Unknown command.
You closely miss something. Something hits you but does no damage.
The orc hits you from afar with a +0 trident.
* * * LOW HITPOINT WARNING * * *
Something hits you but does no damage. 😱 HP[-1]
You take 1 damage, and now have 6/41 hp.
You barely miss something. Something hits you.
* * * LOW HITPOINT WARNING * * *
The orc closely misses you. Something hits you.
* * * LOW HITPOINT WARNING * * *
😱 HP[-4]
You take 4 damage, and now have 2/41 hp.
Unknown command.
It was a potion of magic.
Magic washes over you without effect.
You hear some strange, mumbled words.
A magic dart appears from out of thin air!
The magic dart hits you!
You die...

Skill      XL: |  1  2  3  4  5 |
---------------+----------------+-----
Maces & Flails | 2 |  2.9
Fighting       | 4 |  4.2
Shields        | 4 |  4.0
Armour         | |  3.0

Action                   |  1- 3 |  4- 6 || total
-------------------------+-------+-------++-------
Melee: Flail             |   104 |    93 ||   197
  Use: Scroll            |     4 |     5 ||     9
       Potion            |       |     4 ||     4
Armor: Scale mail        |    43 |    65 ||   108
Dodge: Dodged            |    33 |    56 ||    89
Block: Buckler           |    32 |    37 ||    69

Levels and vault maps discovered:
D:1:      psy_arrival_dodecagon, layout_basic,
          hellmonk_ecumenical_altar_lost_god
D:2:      layout_rooms, minmay_misc_feat_four_crosses, chequers_mini_garden,
          uniq_robin
D:3:      layout_loops_ring, kennysheep_boxes, uniq_sigmund

Notes
Turn   | Place    | Note
-------+----------+-------------------------------------------
     0 | D:1      | ytrimaz the Djinni Fighter began the quest for the Orb.
     0 | D:1      | Reached XP level 1. HP: 20/20 MP: 0/0
     0 | D:1      | magus.rc [v1.9.6]
   111 | D:1      | Reached XP level 2. HP: 25/25 MP: 0/0
   328 | D:1      | Found a faded altar of an unknown god.
   351 | D:1      | Reached skill level 2 in Maces & Flails
   427 | D:1      | Reached XP level 3. HP: 30/30 MP: 0/0
   427 | D:1      | Learned a level 1 spell: Freeze
   949 | D:2      | Reached XP level 4. HP: 28/35 MP: 0/0
   994 | D:2      | Noticed Robin
  1240 | D:2      | Killed Robin
  1484 | D:2      | Reached XP level 5. HP: 41/41 MP: 0/0
  1484 | D:2      | Learned a level 2 spell: Static Discharge
  1798 | D:3      | Reached skill level 4 in Fighting
  1799 | D:3      | Reached skill level 4 in Shields
  1840 | D:3      | HP: 10/41 [orc/+0 trident (6)]
  1844 | D:3      | HP: 2/41 [something (3)]
  1846 | D:3      | Killed from afar by an orc wizard

Vanquished Creatures
  An orc priest (D:3)
  Robin (D:2)
  4 adders (D:2)
  A worm (D:2)
  A dart slug (D:1)
  2 orcs (D:3)
  7 ball pythons
  4 endoplasms
  3 giant cockroaches (D:1)
  11 goblins
  10 hobgoblins
  5 kobolds (D:1)
  4 quokkas
  3 frilled lizards (D:1)
  A rat (D:2)
58 creatures vanquished.

Table legend:
 A = Non-vault XP
 B = Vault XP
 C = Vault XP percentage of total XP
 D = Non-vault monster count
 E = Vault monster count
 F = Vault count percentage of total count
                 A         B        C        D         E       F
            +---------+---------+-------+---------+---------+-------
      Total |     176 |      38 |  17.8 |      46 |      12 |  20.7
            +---------+---------+-------+---------+---------+-------
        D:1 |      52 |      14 |  21.2 |      29 |       7 |  19.4
        D:2 |      72 |      24 |  25.0 |      12 |       5 |  29.4
        D:3 |      52 |       0 |   0.0 |       5 |       0 |   0.0
            +---------+---------+-------+---------+---------+-------

Illustrated notes

Table legend:
 A = Kills in this place as a percentage of kills in entire the game.
 B = Kills by you in this place as a percentage of kills by you in the entire game.
 C = Kills by friends in this place as a percentage of kills by friends in the entire game.
 D = Other kills in this place as a percentage of other kills in the entire game.
 E = Experience gained in this place as a percentage of experience gained in the entire game.
 F = Experience gained in this place divided by the number of levels of this place that you have seen.
                   A       B       C       D       E      F
               +-------+-------+-------+-------+-------+----------------------
         Total | 100.0 | 100.0 |   N/A |   N/A | 100.0 |  71.3
       Dungeon | 100.0 | 100.0 |   N/A |   N/A | 100.0 |  71.3
               +-------+-------+-------+-------+-------+----------------------

Table legend: (Time is in decaauts)
 A = Elapsed time spent in this place.
 B = Non-inter-level travel time spent in this place.
 C = Inter-level travel time spent in this place.
 D = Time resting spent in this place.
 E = Time spent auto-exploring this place.
 F = Levels seen in this place.
 G = Mean time per level.
                   A        B        C        D        E       F      G
               +--------+--------+--------+--------+--------+-----+--------+
         Total |   1912 |   1823 |     89 |    146 |   1135 |   3 |  637.3 |
       Dungeon |   1912 |   1823 |     89 |    146 |   1135 |   3 |  637.3 |
               +--------+--------+--------+--------+--------+-----+--------+

Top non-repeatable levels by time:
     D:1: 1181 daAuts
     D:2: 649 daAuts
     D:3: 80 daAuts
